 Dungeon Crawl Stone Soup version 0.25-a0-565-g8875c97ebb (webtiles) character file.

Game seed: 10460920531238469720, levelgen mode: classic

4030 EnegeticOcto the Cleaver (level 10, 70/94 HPs)
             Began as a Deep Dwarf Fighter on Feb 26, 2020.
             Quit the game in the Ecumenical Temple.
             The game lasted 00:02:52 (3190 turns).

EnegeticOcto the Cleaver (Deep Dwarf Fighter)       Turns: 3190, Time: 00:02:52

Health: 70/94      AC: 14    Str: 23    XL:     10   Next: 4%
Magic:  3/3        EV:  9    Int:  9    God:
Gold:   312        SH: 11    Dex: 12    Spells: 9/9 levels left

rFire    . . .     SeeInvis +   a - +0 war axe
rCold    . . .     Gourm    .   c - +0 kite shield
rNeg     . . .     Faith    .   l - +0 chain mail
rPois    .         Spirit   .   (no helmet)
rElec    .         Reflect  .   (no cloak)
rCorr    .         Harm     .   (no gloves)
MR       +....                  d - +1 pair of boots
Stlth    ..........             (no amulet)
HPRegen  0.00/turn              q - ring of see invisible
MPRegen  0.08/turn              o - +2 ring of protection

@: non-regenerating
A: damage resistance, heal wounds, sense surroundings 2, no regeneration
a: Heal Wounds


You were in the Ecumenical Temple.
You were not hungry.

You visited 2 branches of the dungeon, and saw 8 of its levels.

You collected 312 gold pieces.

Inventory:

Hand Weapons
 a - a +0 war axe (weapon)
Missiles
 i - 2 throwing nets (quivered)
Armour
 c - a +0 kite shield (worn)
 d - a +1 pair of boots (worn)
 l - a +0 chain mail (worn)
Jewellery
 o - a +2 ring of protection (right hand)
 q - a ring of see invisible (left hand)
Wands
 s - a wand of scattershot (3)
Scrolls
 b - a scroll of remove curse {@r6}
 g - a scroll of teleportation {@r2}
 h - a scroll of identify {@r1}
 m - a scroll of enchant armour
 t - a scroll of fear {unknown}
Potions
 f - a potion of mutation {unknown}
 j - 2 potions of ambrosia {unknown}
 k - a potion of might {@q3}
 n - 2 potions of lignification {@q7}
 p - a potion of flight
Comestibles
 e - 12 rations
 r - 6 chunks of flesh


   Skills:
 * Level 7.6 Fighting
 * Level 8.8 Axes
 + Level 6.8 Armour
 + Level 5.9 Dodging
 + Level 6.8 Shields


You had 9 spell levels left.
You didn't know any spells.
Your spell library was empty.

Dungeon Overview and Level Annotations

Branches:
Dungeon (7/15)             Temple (1/1) D:7

Altars:
Ashenzari
Dithmenos
Elyvilon
Gozag
Hepliaklqana
Kikubaaqudgha
Nemelex Xobeh
Okawaru
Qazlal
Ru
Sif Muna
Trog
Uskayaw
Wu Jian
The Shining One
Lugonu

Annotations:
D:5 3 runed translucent doors, Flugslaktarn's ghost, amateur DDFi


Innate Abilities, Weirdness & Mutations

You are resistant to damage.
You can heal yourself by infusing magical energy.
You passively map the area around you.
You do not regenerate.


Message History

The manticore is almost dead.
The manticore bites you. You block the manticore's attack.
The manticore closely misses you. You block the manticore's attack.
The manticore closely misses you. The manticore claws you.
You closely miss the manticore.
The manticore is almost dead.
The manticore bites you. You block the manticore's attack.
The manticore barely misses you.
You slash the manticore!
You kill the manticore!
No target in view!
You feel much better.
Your magical essence is drained by the effort!
You feel much better.
No target in view!
No target in view!
No target in view!
No target in view!
Eating a chunk of flesh.
You eat the chunk of flesh.
This raw flesh tastes terrible.
A troll comes into view.
The troll shouts!
You see here a large cabochon ring.
A troll is nearby!
A troll is nearby!
A troll is nearby!
o - a large cabochon ring
o - a +2 ring of protection (right hand)
You slice the troll!!
The troll is heavily wounded.
The troll barely misses you. The troll claws you. You block the troll's attack.
You slash the troll!
The troll is severely wounded.
The troll bites you! The troll claws you! The troll claws you.
Your shield and chain mail prevent you from hitting the troll.
The troll is severely wounded.
The troll bites you but does no damage. The troll claws you but does no damage.
The troll barely misses you. x2; You block the troll's attack.
The troll claws you but does no damage.
Your shield and chain mail prevent you from hitting the troll.
The troll is severely wounded.
You block the troll's attack. The troll barely misses you.
The troll claws you but does no damage.
You hit the troll.
The troll is severely wounded.
You block the troll's attack. The troll claws you but does no damage.
You block the troll's attack.
You hit the troll.
The troll is severely wounded.
The troll bites you but does no damage. You block the troll's attack.
The troll claws you.
You barely miss the troll.
The troll is severely wounded.
You block the troll's attack. The troll claws you. The troll barely misses you.
You closely miss the troll.
The troll is severely wounded.
You block the troll's attack. The troll barely misses you.
You block the troll's attack.
You slice the troll!!
You kill the troll!
The troll leather armour is intact enough to wear.
You have reached level 10!
Things that are here:
a +0 troll leather armour; a troll corpse You butcher the troll corpse.
r - 6 chunks of flesh
Things that are here:
a +0 troll leather armour; a troll skeleton
Things that are here:
a +0 troll leather armour; a troll skeleton
s - a wand of scattershot (3)
Found a leather armour.
e - 12 rations (gained 1)
Found a glowing scimitar.
You see here a leather armour.
t - a scroll labeled BIWNIH DUISE
Found a stone staircase leading up.
You now have 312 gold pieces (gained 13).
Found a club.
(D) Dungeon (T) Temple
Where to? (Enter - D:7, ? - help) Sorry, I don't know how to get there.
Found a staircase to the Ecumenical Temple.
(D) Dungeon (T) Temple
Where to? (Enter - D:7 @ (x,y), ? - help)
There is a staircase to the Ecumenical Temple here.
You climb downwards.
Welcome to the Ecumenical Temple!
There is a staircase back to the Dungeon here.
Found two altars.
Found a shadowy altar of Dithmenos.
Found a sacrificial altar of Ru and a shimmering blue altar of Sif Muna.
Found a hazy altar of Hepliaklqana and a hide-covered altar of Uskayaw.
Found a corrupted altar of Lugonu.
Found an ancient bone altar of Kikubaaqudgha and an opulent altar of Gozag.
Found a corrupted altar of Lugonu.
There is a shadowy altar of Dithmenos here.
There is a shadowy altar of Dithmenos here.
Found a stormy altar of Qazlal.
Done exploring.
Are you sure you want to abandon this character and quit the game? (Confirm with "yes".)

##### ##≈_.##
#.....# #_.⌠._#
#@....# ##._.##
##### #..≈#
##._.###...#########
#≈....§≈..#.≈.....P#
#_.⌠.§≈.≈...≈.....<#
#....#............P#
##._≈###...#########
##### #..##


There were no monsters in sight!

Vanquished Creatures
  Pikel (D:5)
  A manticore (D:7)
  A troll (D:7)
  Grinder (D:3)
  A hippogriff (D:6)
  Sigmund (D:4)
  A hungry ghost (D:5)
  An orc warrior (D:6)
  A sky beast (D:6)
  4 slaves (D:5)
  2 black bears (D:6)
  An ice beast (D:6)
  A necrophage (D:6)
  6 ogres
  A bullfrog (D:6)
  A gnoll sergeant (D:6)
  3 scorpions
  A howler monkey (D:6)
  A crimson imp (D:6)
  2 quasits (D:6)
  A jelly (D:5)
  A bullfrog zombie (D:5)
  3 hounds
  3 orc priests
  3 orc wizards (D:5)
  A centaur skeleton (D:4)
  Natasha (thrice) (D:4)
  2 iguanas (D:7)
  4 worker ants
  5 gnolls (D:6)
  2 worker ant zombies
  12 adders
  3 shadow imps (D:5)
  An ooze (D:4)
  An adder skeleton (D:4)
  4 worms
  2 leopard geckos
  26 orcs
  5 giant cockroaches
  2 goblins (D:3)
  3 hobgoblins
  9 jackals
  4 quokkas
  A ball python (D:4)
  4 bats
  6 frilled lizards
  2 kobolds (D:3)
  4 rats
149 creatures vanquished.

Notes
Turn   | Place    | Note
-------+----------+-------------------------------------------
     0 | D:1      | EnegeticOcto the Deep Dwarf Fighter began the quest for the
                  | Orb.
     0 | D:1      | Reached XP level 1. HP: 20/20 MP: 1/1
   181 | D:2      | Reached XP level 2. HP: 16/27 MP: 2/2
   262 | D:3      | Found an iron altar of Okawaru.
   264 | D:3      | Found a white marble altar of Elyvilon.
   303 | D:3      | Reached XP level 3. HP: 34/34 MP: 3/3
   304 | D:3      | Reached skill level 1 in Dodging
   311 | D:3      | Reached skill level 3 in Axes
   311 | D:3      | Reached XP level 4. HP: 27/42 MP: 4/4
   441 | D:3      | Noticed Grinder
   460 | D:3      | Killed Grinder
   460 | D:3      | Reached skill level 4 in Axes
   460 | D:3      | Reached XP level 5. HP: 35/50 MP: 5/5
   460 | D:3      | Reached XP level 6. HP: 39/57 MP: 6/6
   876 | D:4      | Noticed Sigmund
   888 | D:4      | Killed Sigmund
   934 | D:4      | Reached XP level 7. HP: 54/66 MP: 7/7
  1098 | D:4      | Reached skill level 5 in Axes
  1122 | D:4      | Found an ornate altar of the Wu Jian Council.
  1263 | D:4      | Noticed Natasha
  1281 | D:4      | Killed Natasha
  1308 | D:4      | Noticed Natasha
  1315 | D:4      | Killed Natasha
  1446 | D:4      | Noticed Natasha
  1451 | D:4      | Killed Natasha
  1451 | D:4      | Reached skill level 5 in Fighting
  1678 | D:5      | Entered Level 5 of the Dungeon
  1685 | D:5      | Reached skill level 5 in Shields
  1731 | D:5      | Reached skill level 5 in Armour
  1731 | D:5      | Reached XP level 8. HP: 59/74 MP: 6/6
  1741 | D:5      | Reached skill level 6 in Axes
  1747 | D:5      | Noticed Pikel
  1787 | D:5      | Killed Pikel
  1943 | D:5      | Reached skill level 7 in Axes
  2065 | D:5      | Found a runed translucent gate.
  2066 | D:5      | Found a runed translucent gate.
  2067 | D:5      | Found a runed translucent gate.
  2069 | D:5      | Noticed Flugslaktarn's ghost (amateur DDFi)
  2275 | D:6      | Found a shattered altar of Ashenzari.
  2283 | D:6      | Gained mutation: You passively map the area around you.
                  | [Deep Dwarf growth]
  2283 | D:6      | Reached XP level 9. HP: 60/84 MP: 6/6
  2302 | D:6      | Reached skill level 5 in Dodging
  2416 | D:6      | Reached skill level 8 in Axes
  2695 | D:6      | Found a bloodstained altar of Trog.
  2924 | D:7      | Found a sparkling altar of Nemelex Xobeh.
  3003 | D:7      | Noticed a manticore
  3027 | D:7      | Killed a manticore
  3034 | D:7      | Noticed a troll
  3047 | D:7      | Killed a troll
  3047 | D:7      | Reached XP level 10. HP: 70/94 MP: 3/3
  3155 | D:7      | Found a staircase to the Ecumenical Temple.
  3161 | Temple   | Entered the Ecumenical Temple
  3190 | Temple   | Quit the game

Levels and vault maps discovered:
D:1:      matt_arrival_grand_opening, layout_basic
D:2:      layout_basic, chequers_ecumenical_altar_simple
D:3:      layout_rooms, minitemple, first_ration, wad_floor_pattern_2,
          uniq_grinder
D:4:      layout_loops_ring, lemuel_coloured_pillars_altar,
          hangedman_decor_points, minmay_close_crescents, uniq_natasha,
          uniq_sigmund
D:5:      layout_rooms, ebering_ghost_rock_garden, minmay_misc_feat_tiny,
          uniq_pikel
D:6:      layout_basic, cheibrodos_ashenzari_chains, trog_ov_bears_minmay,
          kennysheep_path_1
D:7:      layout_loops_cross, vehumet_statue, minmay_temple_entry_mini_moons,
          the_bakery, nemelex_xobeh_ov_fountains_minmay, uniq_maggie
Temple:   corrupted_temple

Skill      XL: |  1  2  3  4  5  6  7  8  9 |
---------------+----------------------------+-----
Fighting       | 3 4 5 6 7 |  7.6
Dodging        | 1 2 3 4 5 |  5.9
Axes           | 3 4 5 7 8 |  8.8
Armour         | 4 5 6 |  6.8
Shields        | 4 5 6 |  6.8

Action                   |  1- 3 |  4- 6 |  7- 9 | 10-12 || total
-------------------------+-------+-------+-------+-------++-------
Melee: War axe           |    48 |   119 |   453 |       ||   620
 Abil: Heal Wounds       |     1 |     3 |    24 |       ||    28
  Use: Scroll            |       |       |     7 |       ||     7
  Eat: Chunk             |       |     1 |     8 |       ||     9
Armor: Scale mail        |     9 |       |       |       ||     9
       Chain mail        |    16 |   109 |   330 |       ||   455
Dodge: Dodged            |    14 |    51 |   199 |       ||   264
Block: Kite shield       |    23 |    97 |   339 |       ||   459

Table legend:
 A = Non-vault XP
 B = Vault XP
 C = Vault XP percentage of total XP
 D = Non-vault monster count
 E = Vault monster count
 F = Vault count percentage of total count
                 A         B        C        D         E       F
            +---------+---------+-------+---------+---------+-------
      Total |    4307 |    1451 |  25.2 |     135 |      10 |   6.9
            +---------+---------+-------+---------+---------+-------
        D:1 |       6 |       0 |   0.0 |       4 |       0 |   0.0
        D:2 |      24 |       0 |   0.0 |       7 |       0 |   0.0
        D:3 |     196 |     249 |  56.0 |      35 |       1 |   2.8
        D:4 |     576 |     280 |  32.7 |      30 |       6 |  16.7
        D:5 |     720 |     663 |  47.9 |      21 |       1 |   4.5
        D:6 |    1778 |     259 |  12.7 |      33 |       2 |   5.7
        D:7 |    1007 |       0 |   0.0 |       5 |       0 |   0.0
            +---------+---------+-------+---------+---------+-------
